 Dungeon Crawl Stone Soup version 0.29-a0-993-g4a18f31a58 (webtiles) character file.

Game seed: 6554881451745741770

16 vurker the Sneak (level 2, 0/14 HPs)
             Began as a Vine Stalker Enchanter on Aug 2, 2022.
             Slain by a hobgoblin (1 damage)
             ... on level 1 of the Dungeon.
             The game lasted 00:00:37 (934 turns).

vurker the Sneak (Vine Stalker Enchanter)            Turns: 934, Time: 00:00:37

Health: 0/14       AC:  2    Str: 10    XL:     2   Next: 54%
Magic:  0/6        EV: 12    Int: 15    God:
Gold:   44         SH:  0    Dex: 14    Spells: 5/5 levels left

rFire   . . .      SeeInvis .   a - +1 dagger
rCold   . . .      Faith    .   (no shield)
rNeg    . . .      Spirit   +   b - +0 robe
rPois   .          Reflect  .   (no helmet)
rElec   .          Harm     .   (no cloak)
rCorr   .          Rampage  .   (no gloves)
Will    .....                   (no boots)
Stlth   ++........              (no amulet)
HPRegen 0.04/turn               (no ring)
MPRegen 0.10/turn               (no ring)

@: no status effects
A: fangs 2, magic shield, antimagic bite, no potion heal 2
a: no special abilities


You were on level 1 of the Dungeon.
You visited 1 branch of the dungeon, and saw 1 of its levels.

You collected 44 gold pieces.

Inventory:

Hand Weapons
 a - a +1 dagger (weapon)
Armour
 b - a +0 robe (worn)
Scrolls
 e - a scroll of poison {unknown}
 g - a scroll of teleportation {unknown}
Potions
 c - 2 potions of invisibility
 d - a potion of mutation {unknown}
 f - a potion of berserk rage {unknown}
 h - a potion of resistance {unknown}
 i - 2 potions of haste {unknown}


   Skills:
 + Level 1.0 Fighting
 - Level 0.8 Short Blades
 - Level 1.5 Dodging
 - Level 3.6 Stealth
 * Level 1.6 Unarmed Combat
 - Level 2.1 Spellcasting
 - Level 3.0 Hexes


You had 5 spell levels left.
You didn't know any spells.
Your spell library contained the following spells:

 Spells                   Type           Power      Damage    Failure   Level
 Ensorcelled Hibernation  Hex/Ice        12%        N/A       19%         2
 Confusing Touch          Hex            10%        N/A       19%         3
 Tukima's Dance           Hex            10%        N/A       19%         3
 Dazzling Flash           Conj/Hex       12%        N/A       34%         3


Dungeon Overview and Level Annotations

Branches:
Dungeon (1/15)

Altars:


Innate Abilities, Weirdness & Mutations

You have extremely sharp teeth.
When hurt, damage is shared between your health and your magic reserves.
Your bite disrupts and absorbs the magic of your enemies.
Potions cannot restore your health.


Message History

The rat bites you.
You hit the rat.
You kill the rat!
No target in view!
No target in view!
No target in view!
No target in view!
No target in view!
No target in view!
No target in view!
No target in view!
No target in view!
No target in view!
h - a bubbling ruby potion
Found a stone staircase leading down.
Found 14 gold pieces.
You now have 34 gold pieces (gained 14).
Found 2 viscous blue potions.
i - 2 viscous blue potions
Found 10 gold pieces.
You now have 44 gold pieces (gained 10).
Found 11 gold pieces.
A kobold comes into view. It is wielding a +0 club.
A kobold is nearby!
A kobold is nearby!
A hobgoblin comes into view.
A bat and a hobgoblin come into view.
The hobgoblin shouts!
The kobold shouts!
The bat barely misses you.
The hobgoblin shouts!
You hit the bat.
You kill the bat!
Your Fighting skill increases to level 1!
The kobold hits you with a +0 club.
You closely miss the hobgoblin. Your bite misses the hobgoblin.
The hobgoblin hits you. The kobold hits you but does no damage.
You hit the hobgoblin.
You bite the hobgoblin, but do no damage.
The hobgoblin barely misses you. The kobold misses you.
You hit the hobgoblin. Your bite misses the hobgoblin.
The hobgoblin barely misses you. x2; The kobold hits you with a +0 club.
* * * LOW HITPOINT WARNING * * *
The kobold attacks as you move away! The kobold hits you with a +0 club.
* * * LOW HITPOINT WARNING * * *
The hobgoblin attacks as you move away! The hobgoblin barely misses you.
The kobold attacks as you move away! The kobold barely misses you.
The hobgoblin attacks as you move away! The hobgoblin hits you.
* * * LOW HITPOINT WARNING * * *
The hobgoblin attacks as you move away! The hobgoblin hits you.
You die...

##.# #.# # #.# #.# #
#.####.## # #..##...#####
# ##.##.......##########
# #..#........#........ #
#.....#.....#........ #
##.#..#....$#g....... #
#....#####.@g....... ###
##...# #.#K....... ..#
#...# #.#........ #.#
##..# #.#........
#.######.>#####.##+######
.................
#.######..##..... #.#
#..# ##.# #.# #..#


You could see 2 hobgoblins and a kobold.

Vanquished Creatures
  A dart slug (D:1)
  2 bats (D:1)
  An endoplasm (D:1)
  3 hobgoblins (D:1)
  A quokka (D:1)
  A ball python (D:1)
  3 kobolds (D:1)
  2 rats (D:1)
14 creatures vanquished.

Notes
Turn   | Place    | Note
-------+----------+-------------------------------------------
     0 | D:1      | vurker the Vine Stalker Enchanter began the quest for the
                  | Orb.
     0 | D:1      | Reached XP level 1. HP: 9/9 MP: 4/4
   251 | D:1      | Reached skill level 1 in Unarmed Combat
   255 | D:1      | Reached XP level 2. HP: 8/14 MP: 3/6
   929 | D:1      | Reached skill level 1 in Fighting
   934 | D:1      | Slain by a hobgoblin

Illustrated notes

Levels and vault maps discovered:
D:1:      minmay_arrival_plants_in_alcoves, layout_basic

Skill      XL: |  1  2 |
---------------+-------+-----
Unarmed Combat | 1 |  1.6
Fighting       | 1 |  1.0
Short Blades   | |  0.8
Dodging        | |  1.5
Stealth        | |  3.6
Spellcasting   | |  2.1
Hexes          | |  3.0

Action                   || total
-------------------------++-------
Melee: Dagger            ||    38
       Bite              ||    12
       Punch             ||     1
 Stab: Sleeping          ||     3
Armor: Robe              ||     4
Dodge: Dodged            ||    26

Table legend: (Time is in decaauts)
 A = Elapsed time spent in this place.
 B = Non-inter-level travel time spent in this place.
 C = Inter-level travel time spent in this place.
 D = Time resting spent in this place.
 E = Time spent auto-exploring this place.
 F = Levels seen in this place.
 G = Mean time per level.
                   A        B        C        D        E       F      G
               +--------+--------+--------+--------+--------+-----+--------+
         Total |    932 |    932 |      0 |      0 |    808 |   1 |  932.0 |
       Dungeon |    932 |    932 |      0 |      0 |    808 |   1 |  932.0 |
               +--------+--------+--------+--------+--------+-----+--------+

Top non-repeatable levels by time:
     D:1: 932 daAuts
